 Dungeon Crawl Stone Soup version 0.30-a0-908-g5a111fc481 (webtiles) character file.

Game seed: 11940417863388732306

10362 Dirian the Carver (level 11, -6/106 HPs)
             Began as a Minotaur Fighter on Mar 19, 2023.
             Was a High Priest of Okawaru.
             Mangled by a slime creature (11 damage)
             ... on level 9 of the Dungeon.
             The game lasted 00:27:30 (10461 turns).

Dirian the Carver (Minotaur Fighter)               Turns: 10461, Time: 00:27:31

Health: -6/106     AC: 22    Str: 23    XL:     11   Next: 35%
Magic:  0/14       EV: 10    Int:  5    God:    Okawaru [*****.]
Gold:   389        SH:  7    Dex: 12    Spells: 10/10 levels left

rFire   . . .      SeeInvis +    a - +4 scimitar (protect)
rCold   . . .      Faith    .    c - +1 buckler
rNeg    . . .      Spirit   +    e - +2 swamp dragon scales
rPois   +          Reflect  .    (helmet restricted)
rElec   .          Rampage  .    (no cloak)
rCorr   .                        j - +0 pair of gloves
Will    .....                    (no boots)
Stlth   +                        D - amulet of guardian spirit
HPRegen 0.37/turn                m - ring of flight
MPRegen 0.14/turn                (no ring)

@: under a protective aura, flying
A: horns 2, retaliatory headbutt, iridescent scales 1, see invisible, robust 1,
wild magic 1
a: Renounce Religion, Heroism, Finesse, Duel


You were on level 9 of the Dungeon.
You worshipped Okawaru.
Okawaru was extremely pleased with you.
You visited 2 branches of the dungeon, and saw 10 of its levels.
You also visited: Bailey.

You collected 403 gold pieces.
You spent 14 gold pieces at shops.

Inventory:

Hand Weapons
 a - a +4 scimitar of protection (weapon)
 b - the +6 whip "Ykhliu" {heavy, rN+++}
   (You found it on level 3 of the Dungeon)

   rN:        It renders you almost immune to negative energy.
Missiles
 g - 4 throwing nets (quivered)
 k - 5 boomerangs
Armour
 c - a +1 buckler (worn)
 e - +2 swamp dragon scales (worn)
 j - a +0 pair of gloves (worn)
 y - the +2 acid dragon scales of the Bull {rElec rC- rCorr Int+2 Stlth+}
   (You took it off a spriggan in a bailey)

   Int:       It affects your intelligence (+2).
   rC:        It makes you vulnerable to cold.
   rElec:     It insulates you from electricity.
   rCorr:     It protects you from acid and corrosion.
   Stlth:     It makes you more stealthy.
Jewellery
 m - a ring of flight (left hand)
 D - an amulet of guardian spirit (around neck)
Wands
 f - a wand of iceblast (6)
 l - a wand of mindburst (4)
 s - a wand of paralysis (6)
 v - a wand of digging (9)
 B - a wand of quicksilver (22)
Scrolls
 o - a scroll of enchant armour
 p - 2 scrolls of immolation
 r - 4 scrolls of identify
 t - 4 scrolls of teleportation
 u - a scroll of magic mapping
 z - 2 scrolls of blinking
 A - 2 scrolls of fog
Potions
 d - 2 potions of might
 h - 3 potions of haste
 i - a potion of mutation
 n - a potion of resistance
 q - a potion of curing
 w - 2 potions of heal wounds
 x - 2 potions of ambrosia
 E - a potion of lignification


   Skills:
 + Level 9.6 Fighting
 + Level 14.1 Long Blades
 - Level 10.0 Armour
 + Level 8.5 Shields
 * Level 5.4 Invocations


You had 10 spell levels left.
You didn't know any spells.
Your spell library contained the following spells:

 Spells                   Type           Power      Damage    Failure   Level
 Apportation              Tloc           0%         N/A       75%         1
 Magic Dart               Conj           0%         1d3       75%         1
 Necrotise                Necr           0%         1d4       75%         1
 Mephitic Cloud           Conj/Pois/Air  0%         N/A       98%         3
 Portal Projectile        Hex/Tloc       0%         N/A       98%         3
 Leda's Liquefaction      Hex/Erth       0%         N/A       100%        4
 Iskenderun's Battlesphe  Conj           0%         2d6       100%        5
 Iron Shot                Conj/Erth      0%         9d1       100%        6
 Summon Small Mammal      Summ           Unusable   N/A       N/A         1
 Call Imp                 Summ           Unusable   N/A       N/A         2
 Call Canine Familiar     Summ           Unusable   N/A       N/A         3
 Animate Dead             Necr           Unusable   N/A       N/A         4
 Haunt                    Necr/Summ      Unusable   N/A       N/A         7
 Spellforged Servitor     Conj/Summ      Unusable   N/A       N/A         7
 Infestation              Necr           Unusable   N/A       N/A         8

Dungeon Overview and Level Annotations

Branches:
Dungeon (9/15) Zot: 26165  Temple (1/1) D:5 Zot: 5969    Lair (0/5) D:8
 Bailey (visited)
    Orc: D:9-12

Altars:
Ashenzari
Cheibriados
Dithmenos
Elyvilon
Fedhas
Gozag
Hepliaklqana
Kikubaaqudgha
Makhleb
Nemelex Xobeh
Okawaru
Qazlal
Ru
Sif Muna
Trog
Uskayaw
Vehumet
Wu Jian
Xom
Zin
The Shining One

Shops:
D:1 [*:(!   D:8 *!


Innate Abilities, Weirdness & Mutations

You have a pair of horns on your head.
You reflexively headbutt those who attack you in melee.
You are partially covered in iridescent scales. (AC +2)
You have supernaturally acute eyesight. (SInv)
You are robust. (+10% HP)
Your spells are a little harder to cast, but a little more powerful.


Message History

The bullfrog is heavily wounded.
The slime creature hits you.
* * * LOW HITPOINT WARNING * * *
The bullfrog misses you. You furiously retaliate!
You headbutt the bullfrog! The slime creature barely misses you.
You slash the bullfrog!
You kill the bullfrog!
Okawaru accepts your kill. The slime creature closely misses you.
The slime creature hits you.
* * * LOW HITPOINT WARNING * * *
You slash the slime creature!
You headbutt the slime creature, but do no damage.
The slime creature is lightly wounded.
The slime creature hits you!
* * * LOW HITPOINT WARNING * * *
You hit the slime creature but do no damage.
The slime creature is lightly wounded.
The slime creature hits you.
* * * LOW HITPOINT WARNING * * *
You block the slime creature's attack.
You slash the slime creature!
Your headbutt misses the slime creature.
The slime creature is moderately wounded.
You block the slime creature's attack.
You hit the slime creature.
The slime creature is moderately wounded.
The slime creature hits you but does no damage. x2
You hit the slime creature. You headbutt the slime creature.
The slime creature is heavily wounded.
The slime creature hits you but does no damage.
You slash the slime creature!
Your headbutt misses the slime creature.
The slime creature is almost dead.
The slime creature hits you!
* * * LOW HITPOINT WARNING * * *
The slime creature attacks as you move away!
The slime creature hits you but does no damage.
The slime creature attacks as you move away!
The slime creature hits you!
You die...

#####.#.#
##########
.........#
#......#..
.........#
#......#..
##.......#
#......#..
.........#
#......#..
........#
#...#..#..
#.......#
#...#..#..
#.JJ#
#...#..#..
#.@.#
#..##..#..
...####...#
#..#...#..
..........#
#..#...#..
...####...#
#..#...#..
#...#
#..#####..
# #####...#
#.........
#####
#.......#
#.........
....#
#.......#
#.........
....####
#.......#
#.........


You could see 2 slime creatures.

Vanquished Creatures
  4 two-headed ogres
  Maurice (D:8)
  Joseph (D:7)
  2 slime creatures (D:9)
  Maggie (D:8)
  Psyche (D:8)
  5 spriggans (Bailey)
  2 shadows
  3 yaks (D:8)
  A steam dragon (D:7)
  An acid dragon (Bailey)
  A water moccasin (D:9)
  An orc warrior (D:7)
  3 sky beasts
  A black bear (D:3)
  5 ogres (Bailey)
  An ice beast (D:7)
  6 centaurs
  A phantom (D:6)
  3 bullfrogs
  A kobold brigand (D:7)
  Blork the orc (D:5)
  8 scorpions
  A gnoll sergeant (D:7)
  11 wights
  5 killer bees (D:8)
  4 howler monkeys (D:9)
  3 hounds
  A gnoll bouda (D:5)
  3 jellies
  5 orc priests
  2 sleepcaps
  Jessica (D:2)
  10 orc wizards
  4 iguanas
  Ijyb (D:3)
  Robin (D:4)
  18 gnolls
  9 adders
  3 white imps
  2 ufetubi (D:6)
  3 worms
  5 dart slugs
  24 orcs
  7 ball pythons
  5 bats
  4 endoplasms
  4 giant cockroaches
  20 goblins
  7 hobgoblins
  6 jackals (D:1)
  14 kobolds
  7 quokkas
  3 frilled lizards
  7 rats
254 creatures vanquished.

Vanquished Creatures (others)
  A goblin (D:7)
  2 plants
3 creatures vanquished.

Grand Total: 257 creatures vanquished

Notes
Turn   | Place    | Note
-------+----------+-------------------------------------------
     0 | D:1      | Dirian the Minotaur Fighter began the quest for the Orb.
     0 | D:1      | Reached XP level 1. HP: 19/19 MP: 0/0
   103 | D:1      | Reached XP level 2. HP: 27/27 MP: 1/1
   115 | D:1      | Found Rygob's Antique Weapon Shop.
   294 | D:1      | Found Lanumoa's Distillery.
   316 | D:1      | Found Fuyleyty's Assorted Antiques.
   351 | D:1      | Reached skill level 3 in Long Blades
   351 | D:1      | Reached XP level 3. HP: 32/33 MP: 2/2
   359 | D:1      | Found Lidghoeh's Book Shop.
   373 | D:1      | Found Nointor's Antique Armour Emporium.
   433 | D:1      | Found a faded altar of an unknown god.
   761 | D:2      | Noticed Jessica
   763 | D:2      | Killed Jessica
   764 | D:2      | Reached XP level 4. HP: 40/40 MP: 3/3
  1731 | D:3      | Noticed a black bear
  1734 | D:3      | Killed a black bear
  1735 | D:3      | Reached skill level 4 in Long Blades
  1735 | D:3      | Reached skill level 5 in Armour
  1735 | D:3      | Reached XP level 5. HP: 46/47 MP: 4/4
  1880 | D:3      | Identified the +6 hand axe of Severance {drain, Dex+4}
  1915 | D:3      | Identified the +6 whip "Ykhliu" {heavy, rN+++}
  2014 | D:3      | Noticed Ijyb
  2036 | D:3      | Killed Ijyb
  2037 | D:3      | Reached skill level 5 in Long Blades
  2044 | D:3      | Reached XP level 6. HP: 19/53 MP: 5/5
  2048 | D:3      | HP: 1/53 [gnoll/+0 flail (3)]
  2062 | D:3      | Gained mutation: You are partially covered in iridescent
                  | scales. (AC +2) [potion of mutation]
  2062 | D:3      | Gained mutation: You are robust. (+10% HP) [potion of
                  | mutation]
  2062 | D:3      | Gained mutation: Your spells are a little harder to cast,
                  | but a little more powerful. [potion of mutation]
  2062 | D:3      | Gained mutation: You have supernaturally acute eyesight.
                  | (SInv) [potion of mutation]
  2498 | D:4      | Noticed Robin
  2636 | D:4      | Reached skill level 5 in Fighting
  2897 | D:4      | You are sucked into a shaft and drop 1 floor!
  2897 | D:5      | Entered Level 5 of the Dungeon
  2907 | D:5      | Reached skill level 6 in Long Blades
  2907 | D:5      | Reached XP level 7. HP: 66/67 MP: 6/6
  2961 | D:4      | Found a shimmering altar of Xom.
  2961 | D:4      | Found a faded altar of an unknown god.
  2971 | D:4      | Found an opulent altar of Gozag.
  2973 | D:4      | Found a radiant altar of Vehumet.
  2975 | D:4      | Found a sparkling altar of Nemelex Xobeh.
  3024 | D:4      | Found a snail-covered altar of Cheibriados.
  3108 | D:4      | Reached skill level 5 in Shields
  3187 | D:4      | Killed Robin
  4028 | D:5      | Noticed Blork the orc
  4052 | D:5      | Killed Blork the orc
  4053 | D:5      | Reached skill level 7 in Long Blades
  4428 | D:5      | Reached XP level 8. HP: 74/77 MP: 7/7
  4646 | D:5      | Found a blossoming altar of Fedhas.
  5020 | D:5      | Found a staircase to the Ecumenical Temple.
  5028 | Temple   | Entered the Ecumenical Temple
  5049 | Temple   | Became a worshipper of Warmaster Okawaru
  5169 | D:6      | Reached skill level 8 in Long Blades
  5435 | D:6      | Reached * piety under Okawaru
  5580 | D:6      | Reached skill level 9 in Long Blades
  5814 | D:6      | Reached XP level 9. HP: 79/85 MP: 8/8
  6233 | D:7      | Reached ** piety under Okawaru
  6253 | D:7      | Found a flagged portal.
  6270 | D:7      | Reached skill level 10 in Long Blades
  6704 | Bailey   | Entered a bailey
  6929 | Bailey   | Reached *** piety under Okawaru
  6930 | Bailey   | Reached skill level 11 in Long Blades
  6930 | Bailey   | Reached skill level 1 in Invocations
  7042 | Bailey   | Identified the +2 acid dragon scales of the Bull {rElec rC-
                  | rCorr Int+2 Stlth+}
  7105 | Bailey   | Noticed a two-headed ogre
  7114 | Bailey   | Killed a two-headed ogre
  7115 | Bailey   | Reached skill level 10 in Armour
  7115 | Bailey   | Reached XP level 10. HP: 52/96 MP: 7/10
  7493 | D:7      | Found a sacrificial altar of Ru.
  8278 | D:7      | Noticed Joseph
  8300 | D:7      | Killed Joseph
  8300 | D:7      | Reached **** piety under Okawaru
  8301 | D:7      | Reached skill level 12 in Long Blades
  8669 | D:8      | Noticed Maggie
  8688 | D:8      | Killed Maggie
  8889 | D:8      | Noticed a two-headed ogre
  8900 | D:8      | Killed a two-headed ogre
  9044 | D:8      | Noticed Maurice
  9068 | D:8      | Killed Maurice
  9069 | D:8      | Reached skill level 13 in Long Blades
  9172 | D:8      | Found Zuerchin's Distillery.
  9194 | D:8      | Bought a potion of degeneration for 14 gold pieces
  9259 | D:8      | Found Inoy's Neck Hole.
  9262 | D:8      | Found a staircase to the Lair.
  9323 | D:8      | Noticed Psyche
  9334 | D:8      | Killed Psyche
  9335 | D:8      | Reached XP level 11. HP: 98/106 MP: 13/13
  9612 | D:9      | Reached ***** piety under Okawaru
  9633 | D:9      | Noticed a two-headed ogre
  9655 | D:9      | Killed a two-headed ogre
  9656 | D:9      | Noticed a two-headed ogre
  9676 | D:9      | Killed a two-headed ogre
  9676 | D:9      | Received a gift from Okawaru
  9677 | D:9      | Reached skill level 5 in Invocations
  9878 | D:9      | Found a shadowy altar of Dithmenos.
  9882 | D:9      | Found a white marble altar of Elyvilon.
 10302 | D:9      | Reached skill level 14 in Long Blades
 10459 | D:9      | HP: 4/106 [slime creature (10)]
 10461 | D:9      | Mangled by a slime creature

Illustrated notes

Levels and vault maps discovered:
D:1:      onia_arrival_handbag, layout_basic, serial_shops,
          nicolae_shop_overgrown_old_shop, shop, shop, nicolae_shop_trees,
          shop_statue, shapermc_ecumenical_altar_ellora
D:2:      layout_loops_cross, minmay_close_crescents, uniq_jessica
D:3:      layout_loops_ring, hangedman_decor_clover_reticule, uniq_ijyb
D:4:      layout_basic, general_overflow_altar,
          chequers_temple_overflow_minitemple, uniq_robin
D:5:      layout_basic, lemuel_doored_altar, temple_green, uniq_blork_the_orc
D:6:      layout_loops_corners
D:7:      layout_layer_cave, nicolae_ru_the_path_less_chosen, enter_bailey_5,
          uniq_joseph
D:8:      layout_basic, lair_entry_dummy, serial_shops, shop_fountains,
          nicolae_shop_sticking_my_neck_out, uniq_psyche, uniq_maurice,
          uniq_maggie
D:9:      layout_grid_maze, lemuel_zombie_altar_yredelemnul,
          grunt_temple_overflow_open
Temple:   hellmonk_temple_two_chambers

Skill      XL: |  1  2  3  4  5  6  7  8  9 10 11 |
---------------+----------------------------------+-----
Armour         | 4 5 6 7 8 10 | 10.0
Fighting       | 4 5 6 7 9 |  9.6
Shields        | 4 5 6 7 8 |  8.5
Long Blades    | 3 4 5 6 7 9 11 13 14 | 14.1
Invocations    | 2 4 5 |  5.4

Action                     |  1- 3 |  4- 6 |  7- 9 | 10-12 || total
---------------------------+-------+-------+-------+-------++-------
  Melee: Long sword        |    73 |   175 |    92 |       ||   340
         Headbutt          |    14 |    26 |    78 |    54 ||   172
         Scimitar          |       |       |   261 |   233 ||   494
 Invoke: Heroism           |       |       |     2 |     4 ||     6
    Use: Scroll            |       |     5 |     6 |    10 ||    21
         Potion            |       |     7 |    10 |       ||    17
 Armour: Scale mail        |    35 |    62 |    54 |       ||   151
         Chain mail        |       |       |   131 |    80 ||   211
         Swamp dragon scal |       |       |       |    31 ||    31
  Dodge: Dodged            |    53 |    75 |   140 |   101 ||   369
  Block: Buckler           |    18 |    45 |   124 |    73 ||   260

Table legend: (Time is in decaauts)
 A = Elapsed time spent in this place.
 B = Non-inter-level travel time spent in this place.
 C = Inter-level travel time spent in this place.
 D = Time resting spent in this place.
 E = Time spent auto-exploring this place.
 F = Levels seen in this place.
 G = Mean time per level.
                   A        B        C        D        E       F      G
               +--------+--------+--------+--------+--------+-----+--------+
         Total |  10424 |  10162 |    262 |   1101 |   6576 |  11 |  947.6 |
       Dungeon |   9758 |   9496 |    262 |    887 |   6336 |   9 | 1084.2 |
        Temple |     30 |     30 |      0 |      0 |      0 |   1 |   30.0 |
        Bailey |    635 |    635 |      0 |    213 |    240 |   1 |  635.0 |
               +--------+--------+--------+--------+--------+-----+--------+

Top non-repeatable levels by time:
     D:7: 1590 daAuts
     D:5: 1403 daAuts
     D:6: 1249 daAuts
     D:4: 1194 daAuts
     D:2: 988 daAuts
     D:8: 975 daAuts
     D:9: 834 daAuts
     D:1: 782 daAuts
     D:3: 740 daAuts
  Bailey: 635 daAuts
  Temple: 30 daAuts
